 Dungeon Crawl Stone Soup version 0.25.0-1-g7eea58d2a3 (webtiles) character file.

Game seed: 5191490620376433624

16091 xccam the Severer (level 12, -2/97 HPs)
             Began as a Minotaur Berserker on June 13, 2020.
             Was a High Priest of Trog.
             Shot with a bolt by a yaktaur (9 damage)
             ... on level 13 of the Dungeon.
             The game lasted 00:15:41 (11790 turns).

xccam the Severer (Minotaur Berserker)             Turns: 11790, Time: 00:15:44

Health: -2/97      AC: 18    Str: 30    XL:     12   Next: 7%
Magic:  11/11      EV: 16    Int:  5    God:    Trog [*****.]
Gold:   552        SH:  5    Dex: 14    Spells: 11/11 levels left

rFire    . . .     SeeInvis .   H - +4 broad axe
rCold    . . .     Gourm    .   k - +0 buckler
rNeg     + . .     Faith    +   G - +3 ring mail of the Game of Kings {+Fly rN+ Str+4}
rPois    +         Spirit   .   A - +2 hat
rElec    .         Reflect  .   (no cloak)
rCorr    .         Harm     .   (no gloves)
MR       .....                  y - +1 pair of boots
Stlth    +.........             o - amulet "Nakypn" {Faith rPois Dex+4}
HPRegen  0.26/turn              v - +4 ring of protection
MPRegen  0.12/turn              I - +4 ring of slaying

@: no status effects
A: retaliatory headbutt, horns 2
a: Berserk, Trog's Hand, Brothers in Arms, Renounce Religion, Evoke Flight


You were on level 13 of the Dungeon.
You worshipped Trog.
Trog was extremely pleased with you.
You were not hungry.

You visited 2 branches of the dungeon, and saw 14 of its levels.
You also visited: Ossuary.

You collected 668 gold pieces.
You spent 116 gold pieces at shops.

Inventory:

Hand Weapons
 x - a +1 war axe of flaming
 H - a +4 broad axe (weapon)
Armour
 j - a +0 kite shield
 k - a +0 buckler (worn)
 y - a +1 pair of boots (worn)
 A - a +2 hat (worn)
 G - the +3 ring mail of the Game of Kings (worn) {+Fly rN+ Str+4}
   (You found it on level 9 of the Dungeon)

   It affects your strength (+4).
   It protects you from negative energy.
   It lets you fly.
Jewellery
 o - the amulet "Nakypn" (around neck) {Faith rPois Dex+4}
   (You found it on level 10 of the Dungeon)

   [amulet of faith]

   It allows you to gain divine favour quickly.
   It affects your dexterity (+4).
   It protects you from poison.
 v - a +4 ring of protection (left hand)
 I - a +4 ring of slaying (right hand)
 K - an uncursed ring of fire {unknown}
Wands
 f - a wand of polymorph (5)
 t - a wand of flame (17)
 u - a wand of random effects (42)
 w - a wand of acid (9)
 C - a wand of enslavement (3)
 E - a wand of digging (7)
Scrolls
 b - 6 scrolls of remove curse
 g - 5 scrolls of magic mapping
 h - 3 scrolls of identify
 i - a scroll of enchant armour
 m - a scroll of brand weapon {unknown}
 p - 5 scrolls of teleportation
 r - 2 scrolls of fog
 s - a scroll of blinking
 B - a scroll of immolation
Potions
 a - 3 potions of flight
 d - 4 potions of heal wounds
 e - 3 potions of might
 l - 2 potions of mutation
 n - 9 potions of curing
 q - 4 potions of haste
 z - a potion of cancellation
 D - a potion of lignification {unknown}
 F - a potion of berserk rage {unknown}
Comestibles
 c - 23 rations
 J - 5 chunks of flesh


   Skills:
 - Level 6.8 Fighting
 - Level 18.0 Axes
 + Level 8.6 Armour
 + Level 7.8 Dodging
 - Level 5.0 Shields


You had 11 spell levels left.
You didn't know any spells.
Your spell library was empty.

Dungeon Overview and Level Annotations

Branches:
Dungeon (13/15)            Temple (1/1) D:7            Lair (0/6) D:8
    Orc (0/2) D:10        Ossuary (visited)
 Vaults: D:13-14

Altars:
Cheibriados
Dithmenos
Elyvilon
Hepliaklqana
Kikubaaqudgha
Makhleb
Nemelex Xobeh
Sif Muna
Vehumet
Wu Jian
Xom
Yredelemnul
Zin

Shops:
D:4 }   D:8 (*%[


Innate Abilities, Weirdness & Mutations

You reflexively headbutt those who attack you in melee.
You have a pair of horns on your head.


Message History

You see here a bolt. 2 yaktaurs come into view.
The yaktaur shouts! x2
The yaktaur wields a +2 arbalest of flaming.
It bursts into flame!
The yaktaur shoots a bolt.
The bolt closely misses you.
The yaktaur shoots a bolt.
The bolt hits you!
The yaktaur wields a +0 arbalest.
The yaktaur shoots a bolt.
The bolt hits you!!
You see here 3 bolts.
The yaktaur shoots a bolt.
The bolt hits you!
* * * LOW HITPOINT WARNING * * *
A centaur comes into view.
You see here a bolt.
Unknown command.
The centaur shouts!
The centaur wields a +0 shortbow.
The centaur shoots an arrow.
The arrow hits you but does no damage.
The yaktaur shoots a bolt.
The bolt hits you!
* * * LOW HITPOINT WARNING * * *
The bolt burns you!
You die...

#.........###
###..))(...... ##......#
.# ##.....†.# ..#
##........##..##.
#.:....#÷..#.....
###....#.(..?.....
#####.....((.......##
##.#.......##@........
##...........#.........
#......................
##......c#...........<.
##..........c...........
#....................c.
###.......c.............
#..##...................
....>...........


You could see a yaktaur and a centaur.

Vanquished Creatures
  Josephine (D:10)
  2 vault guards (D:13)
  Harold (D:8)
  3 two-headed ogres (D:11)
  An unseen horror (D:11)
  2 gargoyles (D:12)
  Psyche (D:8)
  A komodo dragon (D:11)
  2 trolls
  A hornet (D:8)
  3 hippogriffs
  15 yaks
  5 wraiths
  A wyvern (D:8)
  Menkaure (D:5)
  A water moccasin (D:10)
  5 orc warriors
  4 sky beasts
  An ice beast (D:11)
  A swamp drake (D:10)
  A phantom (D:10)
  2 necrophages
  6 ogres
  2 centaurs (D:8)
  A big kobold (D:10)
  An elf zombie (Ossuary)
  4 bullfrogs
  A water moccasin zombie (D:7)
  A scorpion (D:7)
  A wyvern skeleton (D:9)
  2 water moccasin skeletons
  3 killer bees (D:8)
  10 crimson imps
  2 centaur zombies
  A quasit (D:5)
  3 hounds
  2 human zombies (Ossuary)
  3 jellies
  A bullfrog skeleton (D:13)
  A centaur skeleton (D:4)
  17 orc priests
  4 iguanas
  15 orc wizards
  7 worker ants
  A big kobold zombie (Ossuary)
  A killer bee zombie (D:8)
  2 hound zombies (Ossuary)
  2 hound skeletons
  3 mummies (Ossuary)
  2 worker ant zombies
  9 adders
  A shadow imp (D:8)
  4 adder zombies
  A worm (D:2)
  3 leopard geckos
  57 orcs
  3 giant cockroaches
  7 goblins
  4 hobgoblins
  10 jackals
  8 kobolds
  3 quokkas
  A ball python (D:3)
  9 bats
  3 frilled lizards
  5 gnoll zombies
  7 goblin zombies (Ossuary)
  2 hobgoblin zombies (Ossuary)
  4 jackal zombies (Ossuary)
  2 kobold zombies (Ossuary)
  An orc zombie (Ossuary)
  A quokka skeleton (D:7)
  3 quokka zombies (Ossuary)
  6 rats
  3 rat zombies (Ossuary)
311 creatures vanquished.

Vanquished Creatures (others)
  Maurice (D:8)
1 creature vanquished.

Grand Total: 312 creatures vanquished

Notes
Turn   | Place    | Note
-------+----------+-------------------------------------------
     0 | D:1      | xccam the Minotaur Berserker began the quest for the Orb.
     0 | D:1      | Reached XP level 1. HP: 19/19 MP: 0/0
    75 | D:1      | Reached skill level 4 in Axes
    79 | D:1      | Reached XP level 2. HP: 18/26 MP: 1/1
   724 | D:1      | Reached skill level 5 in Axes
  1002 | D:2      | Found a shadowy altar of Dithmenos.
  1015 | D:2      | Reached XP level 3. HP: 30/31 MP: 2/2
  1186 | D:2      | Found a shimmering blue altar of Sif Muna.
  1393 | D:2      | Reached ** piety under Trog
  2157 | D:3      | Found an ancient bone altar of Kikubaaqudgha.
  2194 | D:3      | Found a snail-covered altar of Cheibriados.
  2598 | D:4      | Reached skill level 6 in Axes
  2598 | D:4      | Reached XP level 4. HP: 39/39 MP: 3/3
  2647 | D:4      | Found a sand-covered staircase.
  2656 | Ossuary  | Entered an ossuary
  2950 | Ossuary  | Reached skill level 7 in Axes
  2950 | Ossuary  | Reached XP level 5. HP: 38/45 MP: 4/4
  3052 | Ossuary  | Reached *** piety under Trog
  3060 | Ossuary  | Reached skill level 1 in Shields
  3091 | Ossuary  | Reached XP level 6. HP: 21/51 MP: 5/5
  3322 | Ossuary  | Reached skill level 8 in Axes
  3897 | D:4      | Found a sparkling altar of Nemelex Xobeh.
  3953 | D:4      | Reached skill level 5 in Shields
  4034 | D:4      | Reached XP level 7. HP: 52/58 MP: 6/6
  4076 | D:4      | Found Forexkum's Gadget Emporium.
  4576 | D:4      | Found a basalt altar of Yredelemnul.
  4918 | D:5      | Entered Level 5 of the Dungeon
  4941 | D:5      | Found a radiant altar of Vehumet.
  5009 | D:5      | Noticed Menkaure
  5014 | D:5      | Killed Menkaure
  5034 | D:5      | Found a white marble altar of Elyvilon.
  5582 | D:6      | Found a burning altar of Makhleb.
  5582 | D:6      | Noticed a green death
  5638 | D:6      | Reached XP level 8. HP: 46/67 MP: 7/7
  5774 | D:6      | Reached skill level 5 in Fighting
  6004 | D:6      | Reached skill level 9 in Axes
  6216 | D:6      | Found a shimmering altar of Xom.
  6279 | D:6      | Reached **** piety under Trog
  6279 | D:6      | Reached skill level 5 in Armour
  6748 | D:7      | Reached skill level 5 in Dodging
  6920 | D:7      | Found a staircase to the Ecumenical Temple.
  7542 | Temple   | Entered the Ecumenical Temple
  7570 | D:8      | Found Hasuu's Antique Weapon Emporium.
  7613 | D:8      | Noticed a hornet
  7621 | D:8      | Killed a hornet
  7621 | D:8      | Reached XP level 9. HP: 78/78 MP: 2/8
  7674 | D:8      | Bought a broad axe for 116 gold pieces
  7759 | D:8      | Found a hazy altar of Hepliaklqana.
  7795 | D:8      | Reached skill level 10 in Axes
  7948 | D:8      | Found Jippoyde's Food Emporium.
  7969 | D:8      | Found Lugapecu's Assorted Antiques.
  7978 | D:8      | Noticed Harold
  7983 | D:8      | Reached skill level 11 in Axes
  7985 | D:8      | Noticed Psyche
  7996 | D:8      | Killed Harold
  7996 | D:8      | Reached skill level 12 in Axes
  8002 | D:8      | Killed Psyche
  8002 | D:8      | Reached skill level 13 in Axes
  8002 | D:8      | Reached XP level 10. HP: 60/84 MP: 9/9
  8236 | D:8      | Found Hiosuw's Armour Shoppe.
  8342 | D:8      | Found a staircase to the Lair.
  8370 | D:8      | Noticed Maurice
  8378 | D:8      | Killed Maurice
  8510 | D:9      | Got a bloodstained ring mail
  8521 | D:9      | Identified the +3 ring mail of the Game of Kings {+Fly rN+
                  | Str+4} (You found it on level 9 of the Dungeon)
  8567 | D:9      | Reached skill level 14 in Axes
  8770 | D:9      | Found an ornate altar of the Wu Jian Council.
  8967 | D:9      | Reached skill level 15 in Axes
  9079 | D:9      | Found a glowing silver altar of Zin.
  9244 | D:10     | Entered Level 10 of the Dungeon
  9646 | D:10     | Got a translucent emerald amulet
  9648 | D:10     | Identified the amulet "Nakypn" {Faith rPois Dex+4} (You
                  | found it on level 10 of the Dungeon)
  9665 | D:10     | Found a staircase to the Orcish Mines.
  9679 | D:10     | Reached skill level 16 in Axes
  9682 | D:10     | Reached ***** piety under Trog
 10046 | D:10     | Reached XP level 11. HP: 91/91 MP: 10/10
 10133 | D:10     | Noticed Josephine
 10147 | D:10     | Killed Josephine
 10261 | D:11     | Noticed a two-headed ogre
 10269 | D:11     | Killed a two-headed ogre
 10314 | D:11     | Reached skill level 17 in Axes
 10336 | D:11     | Killed an unseen horror
 10494 | D:11     | Noticed a two-headed ogre
 10501 | D:11     | Killed a two-headed ogre
 10520 | D:11     | Noticed a two-headed ogre
 10524 | D:11     | Killed a two-headed ogre
 10524 | D:11     | Reached skill level 18 in Axes
 10956 | D:12     | Received a gift from Trog
 11734 | D:13     | Noticed a vault guard
 11735 | D:13     | Noticed a vault guard
 11741 | D:13     | Killed a vault guard
 11741 | D:13     | Reached XP level 12. HP: 86/97 MP: 11/11
 11752 | D:13     | Killed a vault guard
 11766 | D:13     | Noticed a vault guard
 11790 | D:13     | Shot with a bolt by a yaktaur

Illustrated notes

Levels and vault maps discovered:
D:1:      dpeg_arrival_court, layout_basic
D:2:      layout_basic, led_sif_pool, grunt_dithmenos_smoke, first_ration,
          minmay_heptomino_l4
D:3:      layout_basic, lemuel_coloured_pillars_altar, cheibriados_altar_1
D:4:      layout_basic, nemelex_xobeh_ov_fountains_minmay,
          lemuel_zombie_altar_yredelemnul, serial_shops, shop_fountains,
          lightli_ossuary_entry_decrepit_ruins
D:5:      layout_rooms, vehumet_altar_wand_db, lemuel_doored_altar, st_stairs_1,
          nicolae_zen_rock_garden, uniq_menkaure
D:6:      layout_loops_cross, xom_butterflies, makhleb_altar_promises_db
D:7:      layout_basic, minmay_temple_entry_trees
D:8:      layout_rooms, marbit_many_paths, serial_shops, nicolae_shop_trees,
          shop, shop, shop_statue, uniq_harold, uniq_psyche, uniq_maurice
D:9:      layout_loops_ring, kennysheep_mini, lemuel_crystal_altar
D:10:     layout_long_grid, erik_orc_1, uniq_josephine
D:11:     layout_rooms
D:12:     layout_irregular_city
D:13:     layout_cave_pools, erik_vaults_2
Temple:   nicolae_temple_figure_zero

Skill      XL: |  1  2  3  4  5  6  7  8  9 10 11 |
---------------+----------------------------------+-----
Axes           | 4 5 6 7 8 9 13 16 18 | 18.0
Shields        | 2 5 |  5.0
Fighting       | 4 6 |  6.8
Armour         | 4 6 8 |  8.6
Dodging        | 3 5 7 |  7.8

Action                   |  1- 3 |  4- 6 |  7- 9 | 10-12 || total
-------------------------+-------+-------+-------+-------++-------
Melee: Hand axe          |   103 |   168 |   242 |       ||   513
       Headbutt          |     7 |    22 |    47 |    51 ||   127
       Broad axe         |       |       |    52 |   273 ||   325
Invok: Berserk           |       |     2 |     5 |     3 ||    10
       Trog's Hand       |       |     1 |     6 |     2 ||     9
Evoke: Wand              |       |       |       |     2 ||     2
  Use: Scroll            |     8 |       |     3 |    16 ||    27
 Stab: Distracted        |       |       |       |     1 ||     1
  Eat: Chunk             |     5 |     4 |    14 |    18 ||    41
       Ration            |       |     1 |     1 |       ||     2
Armor: Animal skin       |     7 |       |       |       ||     7
       Ring mail         |    34 |    44 |   107 |    69 ||   254
       Scale mail        |       |       |       |    12 ||    12
Dodge: Dodged            |    60 |    67 |   138 |   130 ||   395
Block: Buckler           |     7 |    10 |    49 |    39 ||   105
